 Dungeon Crawl Stone Soup version 0.24-a0-459-g225fefd530 (webtiles) character file.

Game seed: 3403546204092504551

5574 Arthanis the Cleaver (level 10, 0/65 HPs)
             Began as a Gargoyle Berserker on June 28, 2019.
             Was a High Priest of Trog.
             Slain by an orc warrior
             ... wielding a +0 glaive
              (24 damage)
             ... in a bailey.
             The game lasted 00:16:23 (6808 turns).

Arthanis the Cleaver (Gargoyle Berserker)           Turns: 6808, Time: 00:16:24

Health: 0/65       AC: 26    Str: 20    XL:     10   Next: 72%
Magic:  12/12      EV: 12    Int: 12    God:    Trog [*****.]
Gold:   473        SH:  0    Dex: 12    Spells: 9/9 levels left

rFire    + . .     SeeInvis .   W - +4 spear
rCold    + . .     Gourm    .   (no shield)
rNeg     + . .     Faith    .   j - +0 plate armour
rPois    ∞         Spirit   .   G - +2 hat
rElec    +         Reflect  .   U - scarf {rC+ rF+}
rCorr    .         Harm     .   (no gloves)
MR       .....                  M - +2 pair of boots "Hekuapt" {rPois}
Stlth    ..........             (no amulet)
HPRegen  0.20/turn              f - +4 ring of evasion
MPRegen  0.13/turn              S - +3 ring of dexterity

@: no status effects
A: negative energy resistance 1, electricity resistance, unbreathing,
petrification resistance, rot immunity, AC +7
a: Berserk, Trog's Hand, Brothers in Arms, Renounce Religion


You were in a bailey.
You worshipped Trog.
Trog was extremely pleased with you.
You were not hungry.

You visited 1 branch of the dungeon, and saw 9 of its levels.
You also visited: Ossuary and Bailey.

You collected 473 gold pieces.

Inventory:

Hand Weapons
 a - a +0 hand axe
 k - a +0 dagger of speed
 s - a +0 trident
 t - a +0 dagger of protection
 y - a +0 war axe
 P - a +0 battleaxe
 T - a +0 dagger of venom
 W - a +4 spear (weapon)
Armour
 b - a +0 animal skin
 h - a +0 helmet
 j - a +0 plate armour (worn)
 x - a +2 scale mail of positive energy
 G - a +2 hat (worn)
 M - the +2 pair of boots "Hekuapt" (worn) {rPois}
   (You found it on level 5 of the Dungeon)

   It protects you from poison.
 U - a scarf of resistance (worn)
 X - the +1 leather armour of the Secret Allies {rF- rN+ MR++ rCorr}
   (You found it on level 8 of the Dungeon)

   It makes you vulnerable to fire.
   It protects you from negative energy.
   It affects your resistance to hostile enchantments.
   It provides partial protection from all sources of acid and corrosion.
Jewellery
 f - a +4 ring of evasion (left hand)
 n - an uncursed ring of poison resistance
 B - an uncursed ring of flight
 Q - an uncursed ring of positive energy
 S - a +3 ring of dexterity (right hand)
Wands
 w - a wand of clouds (1)
 A - a wand of disintegration (15)
Scrolls
 d - 10 scrolls of remove curse
 g - 8 scrolls of teleportation
 p - 2 scrolls of enchant weapon
 q - 2 scrolls of noise
 u - 3 scrolls of amnesia
 v - a scroll of fog
 J - 3 scrolls of immolation
 L - 6 scrolls of random uselessness
 N - 2 scrolls of enchant armour
 R - a scroll of fear
Potions
 e - 6 potions of lignification
 i - 6 potions of might
 l - 3 potions of curing
 m - 3 potions of flight {unknown}
 r - a potion of invisibility {unknown}
 z - 2 potions of resistance {unknown}
 C - 3 potions of heal wounds
 D - 2 potions of magic {unknown}
 E - a potion of brilliance {unknown}
 F - a potion of haste {unknown}
 H - a potion of ambrosia {unknown}
 I - 9 potions of degeneration {unknown}
 K - 5 potions of mutation {unknown}
 V - a potion of berserk rage {unknown}
Comestibles
 c - 22 rations
 o - 2 chunks of flesh


   Skills:
 + Level 8.8 Fighting
 * Level 10.0 Axes
 - Level 8.0 Armour
 + Level 3.8 Dodging
 + Level 3.2 Evocations


You had 9 spell levels left.
You didn't know any spells.
Your spell library contained the following spells:

 Spells                   Type           Power        Failure   Level  Hunger
 Summon Small Mammal      Summ           #...         100%        1    ##.....
 Call Imp                 Summ           #.......     100%        2    ###....
 Call Canine Familiar     Summ           #.......     100%        3    ####...
 Summon Guardian Golem    Hex/Summ       #.......     100%        3    ####...
 Summon Ice Beast         Ice/Summ       #.......     100%        4    #####..
 Summon Lightning Spire   Summ/Air       #.......     100%        4    #####..


Dungeon Overview and Level Annotations

Branches:
Dungeon (9/15)             Temple (0/1) D:5            Lair (0/6) D:8
    Orc: D:9-12

Altars:
Fedhas
Gozag
Okawaru
Wu Jian
The Shining One


Innate Abilities, Weirdness & Mutations

You are resistant to torment.
Your stone body is resilient. (AC +7)
You are immune to poison.
You resist negative energy. (rN+)
You are resistant to electric shocks. (rElec)
You can survive without breathing.
You are immune to petrification.
You are immune to rotting.


Message History

Attack whom?
Press: ? - help, Dir - move target cursor, f/p - orc knight
Aim: an orc knight, wielding a +0 trident and wearing a +0 scale mail (freezing vapour, heavily wounded, unusually strong)
You reach to attack!
You hit the orc knight.
The orc knight is heavily wounded.
The orc warrior is engulfed in freezing vapours.
The orc warrior hits you from afar with a +0 glaive.
The orc knight is engulfed in freezing vapours.
The orc warrior is engulfed in freezing vapours.
Attack whom?
Press: ? - help, Dir - move target cursor, f/p - orc knight
Aim: an orc knight, wielding a +0 trident and wearing a +0 scale mail (freezing vapour, heavily wounded, unusually strong)
You reach to attack!
You hit the orc knight but do no damage.
The orc knight is heavily wounded.
The orc knight is engulfed in freezing vapours.
The orc knight hits you from afar with a +0 trident.
The orc warrior is engulfed in freezing vapours.
The orc warrior hits you from afar with a +0 glaive!!
You die...

##.........##
##..≈≈≈≈≈≈≈..##
##..≈≈.....≈≈..##
######..≈≈).###..≈≈..#####
.......≈≈.)## ##..≈≈......
≈≈≈≈≈≈≈≈..##.∩.##..≈≈≈≈≈≈≈
...)))...##.....##........
#############+###'########
## .......@.# .##
.≈≈≈≈≈§§..# ..##
§≈..ooo§§..# ≈..#
§..§§§oo≈≈..# ≈..#
≈..§§§§.≈≈..# ..##
§≈....§§§..## .##
.≈≈≈≈§§≈§.## ##.$$$.
......§§§#+ #######


You could see 2 orc knights and 3 orc warriors.

Vanquished Creatures
  Pikel (D:8)
  The ghost of soark the Insei, a novice OpTm (D:5)
  Grinder (D:6)
  A hornet (D:5)
  A hippogriff (D:9)
  A water moccasin (D:3)
  5 orc warriors
  An ice beast (D:5)
  2 ogres
  A black bear (D:8)
  2 centaurs
  A crocodile (D:7)
  A big kobold (D:9)
  6 bullfrogs
  A scorpion (D:6)
  8 killer bees
  5 wights (D:8)
  A howler monkey (D:4)
  2 crimson imps (D:5)
  2 quasits
  6 hounds
  4 jellies
  2 centaur skeletons
  3 human zombies (Ossuary)
  7 orc priests
  Ijyb (D:4)
  4 iguanas
  A bullfrog skeleton (D:5)
  12 orc wizards
  3 worker ants
  A killer bee zombie (D:7)
  A big kobold zombie (Ossuary)
  4 hound skeletons
  A hound zombie (D:6)
  2 mummies (Ossuary)
  17 gnolls
  13 adders
  5 shadow imps
  6 oozes
  2 worms
  2 dart slugs
  9 leopard geckos
  47 orcs
  A ball python (D:1)
  4 giant cockroaches
  5 goblins
  11 hobgoblins
  18 jackals
  17 kobolds
  4 quokkas
  11 bats
  10 frilled lizards
  2 goblin zombies (Ossuary)
  A jackal skeleton (D:5)
  A kobold zombie (Ossuary)
  A leopard gecko skeleton (D:7)
  A leopard gecko zombie (D:6)
  An orc zombie (Ossuary)
  9 rats
294 creatures vanquished.

Vanquished Creatures (others)
  3 howler monkeys (D:8)
  A plant (D:9)
4 creatures vanquished.

Grand Total: 298 creatures vanquished

Notes
Turn   | Place    | Note
-------+----------+-------------------------------------------
     0 | D:1      | Arthanis the Gargoyle Berserker began the quest for the
                  | Orb.
     0 | D:1      | Reached XP level 1. HP: 14/14 MP: 1/1
    97 | D:1      | Reached XP level 2. HP: 17/19 MP: 2/2
   147 | D:1      | Reached skill level 3 in Axes
   279 | D:1      | Reached ** piety under Trog
   279 | D:1      | Reached XP level 3. HP: 10/23 MP: 3/3
   861 | D:2      | Reached XP level 4. HP: 27/29 MP: 4/4
  1131 | D:2      | Reached XP level 5. HP: 26/33 MP: 5/5
  1187 | D:2      | Reached *** piety under Trog
  1344 | D:3      | Reached skill level 4 in Axes
  1461 | D:3      | Found an opulent altar of Gozag.
  1623 | D:3      | Noticed a water moccasin
  1631 | D:3      | Killed a water moccasin
  1631 | D:3      | Reached XP level 6. HP: 39/39 MP: 6/6
  2006 | D:3      | Found a blossoming altar of Fedhas.
  2078 | D:3      | Reached **** piety under Trog
  2083 | D:3      | Reached skill level 5 in Axes
  2224 | D:4      | Noticed Ijyb
  2281 | D:4      | Killed Ijyb
  2348 | D:4      | Reached XP level 7. HP: 44/44 MP: 7/7
  2360 | D:4      | Reached skill level 5 in Fighting
  2485 | D:4      | Reached skill level 6 in Axes
  2807 | D:4      | Reached skill level 5 in Armour
  2937 | D:5      | Entered Level 5 of the Dungeon
  2971 | D:5      | Reached XP level 8. HP: 51/51 MP: 8/8
  3095 | D:5      | Found a sand-covered staircase.
  3107 | D:5      | Noticed soark's ghost (novice OpTm)
  3108 | D:5      | Found a transporter.
  3109 | D:5      | Noticed a hornet
  3139 | Ossuary  | Entered an ossuary
  3595 | D:5      | Reached skill level 7 in Axes
  3664 | D:5      | Found an ornate altar of the Wu Jian Council.
  3958 | D:5      | Found a staircase to the Ecumenical Temple.
  4035 | D:5      | Found a transporter.
  4064 | D:5      | Killed soark's ghost
  4064 | D:5      | Reached XP level 9. HP: 56/56 MP: 9/9
  4077 | D:5      | Reached skill level 8 in Axes
  4086 | D:5      | Killed a hornet
  4121 | D:5      | Got a pair of faintly humming boots
  4153 | D:5      | Identified the +2 pair of boots "Hekuapt" {rPois} (You
                  | found it on level 5 of the Dungeon)
  4252 | D:6      | Noticed Grinder
  4271 | D:6      | Killed Grinder
  4315 | D:6      | Found an iron altar of Okawaru.
  4444 | D:6      | Reached ***** piety under Trog
  4444 | D:6      | Reached skill level 1 in Evocations
  4541 | D:6      | Reached skill level 9 in Axes
  4892 | D:7      | Reached XP level 10. HP: 64/64 MP: 11/11
  4896 | D:7      | Found a glowing golden altar of the Shining One.
  5380 | D:7      | Received a gift from Trog
  5978 | D:8      | Found a staircase to the Lair.
  6055 | D:8      | Got a faintly glowing leather armour
  6056 | D:8      | Identified the +1 leather armour of the Secret Allies {rF-
                  | rN+ MR++ rCorr} (You found it on level 8 of the Dungeon)
  6097 | D:8      | Noticed Pikel
  6120 | D:8      | Killed Pikel
  6601 | D:9      | Found a flagged portal.
  6698 | Bailey   | Entered a bailey
  6789 | Bailey   | Reached skill level 10 in Axes
  6801 | Bailey   | Noticed an orc knight
  6802 | Bailey   | Noticed an orc knight
  6808 | Bailey   | Slain by an orc warrior

Levels and vault maps discovered:
D:1:      saegor_arrival_simple_e, layout_basic
D:2:      minmay_inner_zag, layout_rooms, first_ration, minmay_tree_intersection
D:3:      minmay_skewed_foursquare, layout_basic, nicolae_gozag_seed_capital,
          st_stairs_9, fedhas_altar_4
D:4:      layout_cave_pools, kennysheep_dice, uniq_ijyb
D:5:      layout_basic, lemuel_round_altar, minmay_temple_entry_fiery,
          enter_ossuary_1, gammafunk_ghost_hive
D:6:      layout_rooms, nicolae_overflow_crystal_walls, uniq_grinder
D:7:      layout_basic, nicolae_tso_swordbearing_angel
D:8:      layout_basic, lair_entry_dummy, hangedman_little_slice_of_home,
          uniq_pikel
D:9:      layout_basic, enter_bailey_6, st_stairs_5, chequers_big_river
Bailey:   bailey_polearm_1, bailey

Skill      XL: |  1  2  3  4  5  6  7  8  9 10 |
---------------+-------------------------------+-----
Axes           | 3 4 5 6 7 9 10 | 10.0
Dodging        | 2 3 |  3.8
Armour         | 3 4 5 6 7 8 |  8.0
Fighting       | 4 5 6 8 |  8.8
Evocations     | 1 3 |  3.2

Action                   |  1- 3 |  4- 6 |  7- 9 | 10-12 || total
-------------------------+-------+-------+-------+-------++-------
Melee: Hand axe          |   111 |   262 |    10 |       ||   383
       Dagger            |    15 |       |     8 |    16 ||    39
       War axe           |       |       |   312 |       ||   312
       Battleaxe         |       |       |    69 |   213 ||   282
       Spear             |       |       |       |    47 ||    47
Invok: Berserk           |     1 |     4 |     6 |     1 ||    12
       Trog's Hand       |       |     1 |     3 |       ||     4
 Abil: Evoke Flight      |       |       |       |     1 ||     1
Evoke: Wand              |       |       |     1 |     3 ||     4
  Use: Potion            |       |       |     1 |       ||     1
       Scroll            |       |       |       |    14 ||    14
 Stab: Sleeping          |     1 |       |       |       ||     1
  Eat: Chunk             |     1 |     9 |    10 |     7 ||    27
       Ration            |       |       |     2 |       ||     2
Armor: Animal skin       |    26 |       |       |       ||    26
       Plate armour      |    53 |   261 |   332 |   263 ||   909
Dodge: Dodged            |    70 |   115 |   252 |   227 ||   664

Table legend:
 A = Non-vault XP
 B = Vault XP
 C = Vault XP percentage of total XP
 D = Non-vault monster count
 E = Vault monster count
 F = Vault count percentage of total count
                 A         B        C        D         E       F
            +---------+---------+-------+---------+---------+-------
      Total |    5154 |    2810 |  35.3 |     239 |      55 |  18.7
            +---------+---------+-------+---------+---------+-------
        D:1 |      50 |       0 |   0.0 |      28 |       0 |   0.0
        D:2 |     114 |      11 |   8.8 |      29 |       6 |  17.1
        D:3 |     199 |     197 |  49.7 |      39 |      11 |  22.0
        D:4 |     504 |      82 |  14.0 |      19 |       2 |   9.5
        D:5 |     746 |     959 |  56.2 |      15 |       7 |  31.8
        D:6 |     978 |     295 |  23.2 |      34 |       1 |   2.9
        D:7 |    1087 |       0 |   0.0 |      39 |       0 |   0.0
        D:8 |     713 |     777 |  52.1 |      19 |       9 |  32.1
        D:9 |     763 |       0 |   0.0 |      17 |       0 |   0.0
    Ossuary |       0 |     197 | 100.0 |       0 |      10 | 100.0
     Bailey |       0 |     292 | 100.0 |       0 |       9 | 100.0
            +---------+---------+-------+---------+---------+-------
